 Dungeon Crawl Stone Soup version 0.20-a0-1101-g1de9d76 (webtiles) character file.

14878 MatthieuS the Spear-Bearer (level 12, -9/100 HPs)
             Began as a Merfolk Gladiator on May 4, 2017.
             Was the Champion of Okawaru.
             Killed from afar by a deep elf knight (20 damage)
             ... with a shard of ice
             ... on level 10 of the Dungeon.
             The game lasted 00:48:20 (12406 turns).

MatthieuS the Spear-Bearer (Merfolk Gladiator)     Turns: 12406, Time: 00:48:21

Health: -9/100     AC: 10    Str: 14    XL:     12   Next: 21%
Magic:  12/12      EV: 22    Int:  8    God:    Okawaru [******]
Gold:   487        SH:  0    Dex: 20    Spells: 11/11 levels left

rFire    + . .     SeeInvis +   a - +10 trident of Callousness {venom, rPois Stlth+}
rCold    . . .     Gourm    .   (no shield)
rNeg     . . .     Faith    .   c - +3 leather armour
rPois    +         Spirit   .   E - +0 helmet {SInv}
rElec    .         Reflect  .   y - +2 cloak
rCorr    .         Harm     .   (no gloves)
MR       .....                  (no boots)
Stlth    +++.......             (no amulet)
Regen    0.3/turn               p - ring of protection from fire
MPRegen  0.2/turn               (no ring)

@: no status effects
A: change form in water, swift swim, stealthy swim
a: Heroism, Finesse, Renounce Religion


You were on level 10 of the Dungeon.
You worshipped Okawaru.
Okawaru was exalted by your worship.
You were not hungry.

You visited 2 branches of the dungeon, and saw 11 of its levels.

You collected 619 gold pieces.
You spent 132 gold pieces at shops.

Inventory:

Hand Weapons
 a - the +10 trident of Callousness (weapon) {venom, rPois Stlth+}
   (You found it on level 10 of the Dungeon)

   It poisons the flesh of those it strikes.
   It protects you from poison.
   It makes you more stealthy.
 w - a +0 blowgun
Missiles
 x - 13 tomahawks (quivered)
 B - 4 needles of sleeping
 F - 2 throwing nets
 G - 7 poisoned javelins
 H - 17 poisoned needles
Armour
 c - a +3 leather armour (worn)
 y - a +2 cloak (worn)
 A - a +2 robe of cold resistance
 E - a +0 helmet of see invisible (worn)
 L - a +2 robe of magic resistance
Jewellery
 p - a ring of protection from fire (left hand)
 s - an uncursed ring of poison resistance
 P - a +4 ring of protection {unknown}
Wands
 b - a wand of lightning (5/15)
 m - a wand of polymorph (7/24)
 n - a wand of polymorph (0/24)
 z - a wand of lightning (9/15)
 C - a wand of disintegration (15/24)
 N - a wand of disintegration (8/24)
Scrolls
 g - a scroll of enchant weapon
 j - 4 scrolls of teleportation
 o - 3 scrolls of magic mapping
 r - 2 scrolls of recharging
 t - 2 scrolls of remove curse
 D - a scroll of blinking {unknown}
 I - 3 scrolls of fog {unknown}
 J - a scroll of fear {unknown}
Potions
 d - a potion of lignification
 e - a potion of heal wounds {unknown}
 h - 8 potions of curing
 k - 2 potions of brilliance {unknown}
 v - a potion of mutation
 K - a potion of agility
Miscellaneous
 O - a lamp of fire
 Q - a fan of gales
Comestibles
 f - 8 bread rations
 i - 11 meat rations
 l - 9 fruits
 q - 10 royal jellies
 M - 10 chunks of flesh


   Skills:
 + Level 11.0 Fighting
 + Level 13.7 Polearms
 + Level 10.0 Throwing
 + Level 13.0 Dodging


You had 11 spell levels left.
You didn't know any spells.

Dungeon Overview and Level Annotations

Branches:
Dungeon (10/15)            Temple (1/1) D:5            Lair (0/6) D:10
    Orc: D:9-12

Altars:
Ashenzari
Cheibriados
Dithmenos
Elyvilon
Fedhas
Gozag
Hepliaklqana
Kikubaaqudgha
Makhleb
Nemelex Xobeh
Okawaru
Qazlal
Ru
Sif Muna
Trog
Uskayaw
Vehumet
Wu Jian
Xom
Yredelemnul
Zin
The Shining One
Jiyva

Shops:
D:5 (   D:6 ?


Message History

Some of the chunks of flesh in your inventory have rotted away.
The iguana hisses menacingly.
The deep elf knight hits you with a scimitar!
The deep elf knight points at you and mumbles some strange words.
The shard of ice misses you.
The shard of ice hits the kobold.
The kobold dies!
The deep elf knight casts a spell at you.
The shard of ice hits you!
* * * LOW HITPOINT WARNING * * *
The deep elf knight points at you and mumbles some strange words.
The shard of ice hits you!
* * * LOW HITPOINT WARNING * * *
A hound comes into view.
The deep elf knight completely misses you.
The hound barks!
There is a staircase to the Lair here.
The hound barely misses you.
The deep elf knight points at you and mumbles some strange words.
The shard of ice hits you!
You die...

..########..# #..# ....).......#
####..# .)))........# #...?.#
..))........####l##..############
..........####.....####..........
.#######..##....o....##..........
. #..#...........#..)....... .
#........e.÷.....[)....... .
######....:...@.......##†...... #
#..........P.h.......###.......
#.......#...........## #.......
#...######.......[.## #.......
#...# #####.....### #.......
#...# #..####.#...# #.......
#...####..####.....## #.......
#..............................
###############################


You could see a deep elf knight (invisible), an iguana, a hound and an orc.

Vanquished Creatures
  An ogre mage (D:10)
  Erolcha (D:10)
  3 two-headed ogres
  The ghost of Raine357 the Fighter, a novice DrSk of Wu Jian (D:9)
  A deep troll earth mage (D:10)
  A phantasmal warrior (D:10)
  Psyche (D:8)
  A gargoyle (D:10)
  Prince Ribbit (D:5)
  2 trolls (D:9)
  6 yaks
  A human (D:7)
  Eustachio (D:6)
  3 hogs (D:7)
  Grum (D:8)
  A hungry ghost (D:8)
  2 wargs (D:10)
  Edmund (D:5)
  3 orc warriors
  2 black bears
  3 sky beasts
  3 ice beasts
  A necrophage (D:9)
  6 ogres
  5 phantoms
  2 wolves (D:8)
  6 centaurs
  2 crocodiles
  3 big kobolds
  Blork the orc (D:5)
  6 bullfrogs
  A wyvern zombie (D:6)
  2 scorpions
  A water moccasin skeleton (D:10)
  6 killer bees (D:8)
  5 wights
  8 howler monkeys
  5 crimson imps
  3 centaur zombies
  5 hounds
  16 orc wizards
  4 jellies
  Crazy Yiuf (D:4)
  3 bullfrog skeletons
  5 orc priests
  Natasha (thrice) (D:4)
  6 iguanas
  10 worker ants
  A worker ant zombie (D:5)
  Robin (D:2)
  An adder (D:8)
  7 gnolls
  7 shadow imps
  3 oozes
  4 adder skeletons
  3 worms
  2 dart slugs
  5 leopard geckos
  26 orcs
  A ball python (D:2)
  7 giant cockroaches
  12 goblins
  16 hobgoblins
  9 jackals
  3 quokkas
  7 bats
  4 frilled lizards
  A jackal zombie (D:8)
  18 kobolds
  2 quokka skeletons
  5 rats
301 creatures vanquished.

Vanquished Creatures (others)
  A kobold (D:10)
1 creature vanquished.

Grand Total: 302 creatures vanquished

Notes
Turn   | Place    | Note
-------+----------+-------------------------------------------
     0 | D:1      | MatthieuS the Merfolk Gladiator began the quest for the Orb.
     0 | D:1      | Reached XP level 1. HP: 16/16 MP: 1/1
   177 | D:1      | Reached XP level 2. HP: 22/23 MP: 2/2
   334 | D:1      | Found a viscous altar of Jiyva.
   937 | D:2      | Reached XP level 3. HP: 28/28 MP: 3/3
  1251 | D:2      | Noticed Robin
  1279 | D:2      | Killed Robin
  1288 | D:2      | Reached XP level 4. HP: 19/35 MP: 4/4
  1805 | D:3      | Found an opulent altar of Gozag.
  1896 | D:3      | Reached skill level 5 in Dodging
  1943 | D:3      | Reached skill level 5 in Polearms
  1988 | D:3      | Found a glowing silver altar of Zin.
  2352 | D:4      | Found an ornate altar of the Wu Jian Council.
  2357 | D:4      | Found a deep blue altar of Sif Muna.
  2359 | D:4      | Found a blossoming altar of Fedhas.
  2360 | D:4      | Noticed Natasha
  2376 | D:4      | Killed Natasha
  2376 | D:4      | Reached XP level 5. HP: 31/41 MP: 5/5
  2454 | D:4      | Noticed an ogre
  2502 | D:4      | Killed an ogre
  2666 | D:4      | Noticed Natasha
  2675 | D:4      | Killed Natasha
  2675 | D:4      | Reached XP level 6. HP: 31/48 MP: 6/6
  3168 | D:4      | Reached XP level 7. HP: 51/55 MP: 7/7
  3359 | D:4      | Noticed Natasha
  3364 | D:4      | Killed Natasha
  3418 | D:4      | Reached skill level 5 in Fighting
  3495 | D:4      | Found a runed door.
  3499 | D:4      | Noticed Crazy Yiuf
  3504 | D:4      | Killed Crazy Yiuf
  3641 | D:5      | Entered Level 5 of the Dungeon
  3650 | D:5      | Noticed Prince Ribbit
  3767 | D:5      | Noticed Blork the orc
  4061 | D:5      | Killed Blork the orc
  4108 | D:5      | Found a staircase to the Ecumenical Temple.
  4119 | Temple   | Entered the Ecumenical Temple
  4249 | Temple   | Became a worshipper of Warmaster Okawaru
  4288 | D:5      | Reached XP level 8. HP: 20/63 MP: 8/8
  4441 | D:5      | Noticed Edmund
  4552 | D:5      | Killed Edmund
  4552 | D:5      | Reached skill level 5 in Throwing
  4902 | D:5      | Killed Prince Ribbit
  4902 | D:5      | Reached * piety under Okawaru
  5246 | D:5      | Got an iridescent war axe
  5248 | D:5      | Identified the +1 war axe "Zonyad" {holy, SInv} (You found it on level 5 of the Dungeon)
  5334 | D:5      | Reached XP level 9. HP: 71/71 MP: 9/9
  5355 | D:5      | Found Tiamuif's Antique Weapon Boutique.
  5384 | D:5      | Found a white marble altar of Elyvilon.
  5529 | D:5      | Reached ** piety under Okawaru
  6465 | D:6      | Found Coiheul's Magic Scroll Emporium.
  6470 | D:6      | Noticed Eustachio
  6490 | D:6      | Killed Eustachio
  6515 | D:6      | Bought a scroll of identify for 22 gold pieces
  6515 | D:6      | Bought a scroll of identify for 22 gold pieces
  6515 | D:6      | Bought a scroll of identify for 22 gold pieces
  6515 | D:6      | Bought a scroll of identify for 22 gold pieces
  6515 | D:6      | Bought a scroll of identify for 22 gold pieces
  6515 | D:6      | Bought a scroll of identify for 22 gold pieces
  6679 | D:7      | Reached *** piety under Okawaru
  6795 | D:7      | Reached skill level 10 in Polearms
  7163 | D:7      | Reached skill level 10 in Dodging
  7167 | D:7      | Reached XP level 10. HP: 44/80 MP: 10/10
  7517 | D:7      | Reached **** piety under Okawaru
  7928 | D:8      | Found a sparkling altar of Nemelex Xobeh.
  7939 | D:8      | Received a gift from Okawaru
  8258 | D:8      | Found a bloodstained altar of Trog.
  8556 | D:8      | Noticed Psyche
  8570 | D:8      | Noticed a two-headed ogre
  8593 | D:8      | Noticed Grum
  8593 | D:8      | Found a basalt altar of Yredelemnul.
  8757 | D:8      | Killed Psyche
  8949 | D:8      | Killed Grum
  9024 | D:8      | Received a gift from Okawaru
  9353 | D:8      | Killed a two-headed ogre
  9353 | D:8      | Reached ***** piety under Okawaru
  9353 | D:8      | Reached XP level 11. HP: 68/89 MP: 11/11
  9356 | D:8      | Noticed a two-headed ogre
  9412 | D:8      | Killed a two-headed ogre
  9412 | D:8      | Received a gift from Okawaru
  9810 | D:8      | Found an ancient bone altar of Kikubaaqudgha.
  9851 | D:8      | Found a stormy altar of Qazlal.
  9855 | D:8      | Found a hide-covered altar of Uskayaw.
  9862 | D:8      | Found a shattered altar of Ashenzari.
 10238 | D:9      | Received a gift from Okawaru
 10619 | D:9      | Noticed Raine357's ghost (novice DrSk)
 10664 | D:9      | Killed Raine357's ghost
 10664 | D:9      | Reached skill level 10 in Fighting
 10897 | D:9      | Found a snail-covered altar of Cheibriados.
 11304 | D:10     | Entered Level 10 of the Dungeon
 11338 | D:10     | Got a brightly glowing trident
 11339 | D:10     | Identified the +10 trident of Callousness {venom, rPois Stlth+} (You found it on level 10 of the Dungeon)
 11367 | D:10     | Noticed a two-headed ogre
 11377 | D:10     | Killed a two-headed ogre
 11455 | D:10     | Noticed a deep troll earth mage
 11456 | D:10     | Noticed a purple ugly thing
 11460 | D:10     | Noticed an ogre mage
 11480 | D:10     | Killed a deep troll earth mage
 11495 | D:10     | Noticed Erolcha
 11805 | D:10     | Killed Erolcha
 11993 | D:10     | Received a gift from Okawaru
 11997 | D:10     | Reached XP level 12. HP: 76/99 MP: 12/12
 12011 | D:10     | Found a staircase to the Lair.
 12273 | D:10     | Reached ****** piety under Okawaru
 12366 | D:10     | Killed an ogre mage
 12366 | D:10     | Received a gift from Okawaru
 12366 | D:10     | Reached skill level 10 in Throwing
 12368 | D:10     | Noticed a deep elf knight
 12406 | D:10     | Killed from afar by a deep elf knight

Vault maps used:
D:1:      erik_arrival_cave_to_civilisation
D:2:      first_bread, uniq_robin
D:3:      zin_scriptorium, nicolae_gozag_seed_capital
D:4:      cheibrodos_old_hovel, grunt_temple_overflow_open, uniq_natasha,
          uniq_crazy_yiuf_cottage
D:5:      kennysheep_mini_moat, minmay_temple_entry_water_ring, serial_shops,
          shop, uniq_edmund, uniq_blork_the_orc, uniq_prince_ribbit1
D:6:      serial_shops, shop, uniq_eustachio
D:7:      grunt_livestock, minmay_holes
D:8:      nemelex_xobeh_ov_fountains_minmay, overflow_temple_1_default,
          marbit_many_paths, minmay_overflow_temple_star_quad,
          yredelemnul_altar_generic, uniq_grum, uniq_psyche
D:9:      cheibriados_altar_1
D:10:     minmay_sliced_demisemicircle, erik_lair_orcish_takeover, uniq_erolcha
Temple:   nicolae_temple_figure_zero

Skill      XL: |  1  2  3  4  5  6  7  8  9 10 11 12 |
---------------+-------------------------------------+-----
Fighting       | 3 4 5 6 8 9 10 11 | 11.0
Dodging        | 5 6 7 8 10 11 12 13 | 13.0
Throwing       | 3 4 5 7 8 9 10 | 10.0
Polearms       | 5 6 7 8 10 12 13 | 13.7

Action                   |  1- 3 |  4- 6 |  7- 9 | 10-12 || total
-------------------------+-------+-------+-------+-------++-------
Melee: Trident           |   102 |   202 |   432 |   707 ||  1443
Throw: Tomahawk          |       |     4 |    26 |     6 ||    36
       Throwing net      |       |       |     3 |       ||     3
       Javelin           |       |       |       |    18 ||    18
Invok: Heroism           |       |       |       |     1 ||     1
  Use: Potion            |       |       |     9 |     4 ||    13
       Scroll            |       |       |    15 |     6 ||    21
 Stab: Sleeping          |     1 |       |     2 |     1 ||     4
       Distracted        |       |       |     1 |     2 ||     3
       Invisible         |       |       |       |     1 ||     1
  Eat: Chunk             |     1 |     3 |     7 |     9 ||    20
       Meat ration       |       |     1 |       |       ||     1
       Bread ration      |       |       |     1 |     3 ||     4
Armor: Ring mail         |    29 |    17 |       |       ||    46
       Leather armour    |       |    25 |    67 |    96 ||   188
       Skin              |       |       |    38 |       ||    38
Dodge: Dodged            |    68 |   135 |   252 |   422 ||   877
